 Dungeon Crawl Stone Soup version 0.29.0-4-gdea44cf6ec (webtiles) character file.

Game seed: 13287522699285921973

4931 qw the Grappler (level 10, -21/86 HPs)
             Began as a Ghoul Fire Elementalist on Aug 29, 2022.
             Was a Priest of Okawaru.
             Demolished by a death yak (22 damage)
             ... on level 9 of the Dungeon.
             The game lasted 00:07:53 (11155 turns).

qw the Grappler (Ghoul Fire Elementalist)          Turns: 11155, Time: 00:07:53

Health: -21/86     AC: 16    Str: 17    XL:     10   Next: 52%
Magic:  10/12      EV:  8    Int: 10    God:    Okawaru [***...]
Gold:   380        SH:  6    Dex: 15    Spells: 11/12 levels left

rFire   . . .      SeeInvis .     - Unarmed
rCold   + . .      Faith    .   e - +0 buckler
rNeg    + + +      Spirit   .   o - +0 plate armour
rPois   inf        Reflect  .   (no helmet)
rElec   .          Harm     .   k - +1 cloak
rCorr   .          Rampage  .   (no gloves)
Will    .....                   (no boots)
Stlth   ..........              h - amulet of regeneration
HPRegen 0.00/turn               q - +6 ring of dexterity
MPRegen 0.13/turn               (no ring)

@: about to teleport, heroic, inhibited regen
A: claws 1, cold resistance 1, negative energy resistance 3, inhibited
regeneration, torment resistance 2, devour on kill
a: Renounce Religion, Heroism


You were on level 9 of the Dungeon.
You worshipped Okawaru.
Okawaru was most pleased with you.
You visited 2 branches of the dungeon, and saw 10 of its levels.

You collected 470 gold pieces.
You spent 90 gold pieces at shops.


Innate Abilities, Weirdness & Mutations

You are immune to poison.
You have sharp fingernails.
Your flesh is cold resistant. (rC+)
You are immune to negative energy. (rN+++)
You do not regenerate when monsters are visible.
You are immune to unholy pain and torment.
You thrive by killing the living.


   Skills:
 - Level 7.0(12.0) Fighting
 - Level 1.2(6.2) Throwing
 - Level 4.2(9.2) Armour
 - Level 2.0(7.0) Dodging
 - Level 2.1(7.1) Stealth
 - Level 3.0(8.0) Shields
 + Level 12.4(17.4) Unarmed Combat
 - Level 1.7 Spellcasting
 - Level 0.7 Conjurations
 - Level 2.4 Fire Magic
 - Level 4.0 Invocations


You had 11 spell levels left.
You knew the following spells:

 Your Spells              Type           Power      Damage    Failure   Level
a - Foxfire               Conj/Fire      16%        2x1d4     99%         1

Your spell library contained the following spells:

 Spells                   Type           Power      Damage    Failure   Level
 Scorch                   Fire           10%        2d6       99%         2
 Conjure Flame            Conj/Fire      4%         6-21      100%        3
 Inner Flame              Hex/Fire       3%         N/A       100%        3
 Flame Wave               Conj/Fire      4%         2d5       100%        4

Inventory:

Armour
 e - a +0 buckler (worn)
 k - a +1 cloak (worn)
 l - a +0 kite shield
 o - a +0 plate armour (worn)
Jewellery
 b - a ring of fire
 d - a ring of fire
 h - an amulet of regeneration (around neck)
 n - a ring of ice
 q - a +6 ring of dexterity (left claw)
Scrolls
 i - 3 scrolls of identify
Potions
 a - 2 potions of haste
 c - a potion of cancellation
 f - 2 potions of mutation
 g - a potion of lignification {unknown}
 j - a potion of curing
 p - a potion of might

Dungeon Overview and Level Annotations

Branches:
Dungeon (9/15)             Temple (1/1) D:5
   Lair: D:8-11         Orc: D:9-12

Altars:
Cheibriados
Dithmenos
Fedhas
Gozag
Hepliaklqana
Kikubaaqudgha
Makhleb
Nemelex Xobeh
Okawaru
Qazlal
Ru
Uskayaw
Vehumet
Xom
Yredelemnul

Shops:
D:3 [

Annotations:
D:5 1 runed translucent door, Crazy Yiuf
D:8 1 runed translucent door, qw's ghost, novice TeWr


Message History

You scratch the death yak.
The death yak is lightly wounded.
The death yak gores you but does no damage.
You mangle the death yak!!
The death yak is moderately wounded.
The death yak barely misses you.
You claw the death yak!
The death yak is heavily wounded.
You claw the death yak!
The death yak is severely wounded.
The death yak gores you!!
You claw the death yak!
The death yak is almost dead.
You block the death yak's attack.
You scratch the death yak but do no damage.
The death yak is almost dead.
11149 ||| Stepping ~*~*~tactically~*~*~ (outnumbered).
The death yak attacks as you move away!
The death yak gores you but does no damage.
The death yak attacks as you move away! The death yak gores you!!
11150 ||| Stepping ~*~*~tactically~*~*~ (outnumbered).
The death yak attacks as you move away! The death yak gores you!
You barely miss the death yak.
The death yak is severely wounded.
You scratch the death yak but do no damage.
The death yak is severely wounded.
The death yak gores you! The death yak closely misses you.
11153 ||| Stepping ~*~*~tactically~*~*~ (outnumbered).
The death yak attacks as you move away! The death yak gores you!
11154 ||| READING scroll of teleportation.
As you read the scroll of teleportation, it crumbles to dust.
You feel strangely unstable.
You feel like a meek peon again. The death yak gores you!
The death yak gores you.
11155 ||| INVOKING Heroism.
You gain the combat prowess of a mighty hero.
The death yak gores you.
A death yak comes into view.
The death yak gores you!!
You die...

...##..## ##...
#......####....
#.....##.....
##............
##.......>.....
##............>.
##.....#####....?
##......# #.....
##@Y.....# #.....
##.YY.....# #....~
#.........# #....~
#..........Y...
.................
..............##..
.#####.........# e
##..........
##...>.....#


You could see 4 death yaks.

Vanquished Creatures
  Pikel (D:5)
  Maggie (D:8)
  Grinder (D:6)
  A steam dragon (D:7)
  Grum (D:8)
  Menkaure (D:7)
  2 water moccasins
  2 orc warriors
  2 black bears
  An ice beast (D:6)
  4 ogres
  3 wolves (D:8)
  3 lemures
  3 phantoms
  2 kobold brigands
  2 bullfrogs
  Blork the orc (D:6)
  3 gnoll sergeants
  6 scorpions
  3 wights (D:7)
  2 jellies (D:5)
  5 hounds
  8 orc priests
  A gnoll bouda (D:9)
  8 iguanas
  5 orc wizards
  20 gnolls
  7 adders
  2 ufetubi
  A worm (D:2)
  4 dart slugs
  25 orcs
  7 ball pythons
  11 bats
  9 endoplasms
  2 giant cockroaches
  5 goblins
  4 hobgoblins
  2 jackals
  3 quokkas
  4 frilled lizards
  14 kobolds
  2 rats
194 creatures vanquished.

Vanquished Creatures (others)
  A shadow imp (D:7)
  An orc (D:3)
  A kobold (D:3)
3 creatures vanquished.

Grand Total: 197 creatures vanquished

Notes
Turn   | Place    | Note
-------+----------+-------------------------------------------
     0 | D:1      | qw the Ghoul Fire Elementalist began the quest for the Orb.
     0 | D:1      | Reached XP level 1. HP: 14/14 MP: 2/2
     0 | D:1      | 0 ||| qw: Version: 0.1-a-90-g952f4b7
     0 | D:1      | 0 ||| qw: Game counter: 4110
     0 | D:1      | 0 ||| qw: Always use a shield: true
     0 | D:1      | 0 ||| qw: God list: Okawaru
     0 | D:1      | 0 ||| qw: Allow faded altars: false
     0 | D:1      | 0 ||| qw: Do Orc after D:15 true
     0 | D:1      | 0 ||| qw: Do second Lair branch before Depths: true
     0 | D:1      | 0 ||| qw: Lair rune preference: random
     0 | D:1      | 0 ||| qw: Plans: Normal
     0 | D:1      | 0 ||| PLANNING D:1-11
   257 | D:1      | Reached skill level 1 in Unarmed Combat
   462 | D:1      | Reached skill level 1 in Fighting
   462 | D:1      | Reached XP level 2. HP: 23/23 MP: 3/3
   676 | D:1      | Reached skill level 2 in Unarmed Combat
  1013 | D:1      | Reached XP level 3. HP: 27/28 MP: 4/4
  1237 | D:1      | 1237 ||| UPGRADING to +0 leather armour.
  1247 | D:1      | 1247 ||| DROPPING +0 robe.
  1248 | D:1      | 1248 ||| DROPPING +6 ring of intelligence.
  1249 | D:1      | 1249 ||| READING scroll labelled ZISUEM NOBO.
  1250 | D:1      | 1250 ||| READING scroll labelled YCLU MAFECISH.
  1251 | D:1      | 1251 ||| DROPPING potion of magic.
  1310 | D:2      | 1310 ||| Stepping ~*~*~tactically~*~*~ (stealth).
  1367 | D:2      | 1367 ||| FLEEEEING.
  1368 | D:2      | 1368 ||| FLEEEEING.
  1378 | D:2      | 1378 ||| STAIRDANCE
  1503 | D:2      | 1503 ||| Stepping ~*~*~tactically~*~*~ (stealth).
  1505 | D:2      | 1505 ||| Stepping ~*~*~tactically~*~*~ (stealth).
  1507 | D:2      | 1507 ||| Stepping ~*~*~tactically~*~*~ (stealth).
  1509 | D:2      | 1509 ||| Stepping ~*~*~tactically~*~*~ (stealth).
  1691 | D:2      | 1691 ||| Stepping ~*~*~tactically~*~*~ (hiding).
  1707 | D:2      | Reached skill level 3 in Unarmed Combat
  1974 | D:2      | Reached XP level 4. HP: 35/35 MP: 5/5
  2539 | D:2      | 2539 ||| UPGRADING to +0 ring mail.
  2549 | D:2      | 2549 ||| DROPPING +0 leather armour.
  2550 | D:2      | 2550 ||| READING 3 scrolls labelled LON INAPLAGH.
  2551 | D:2      | 2551 ||| READING scroll labelled CIURET GIEFUG.
  2552 | D:2      | 2552 ||| READING scroll labelled ESI GUFENIOKK.
  2556 | D:2      | 2556 ||| DRINKING 2 pink potions.
  2557 | D:2      | 2557 ||| READING 2 scrolls of identify.
  2557 | D:2      | 2557 ||| IDENTIFYING bubbling clear potion
  2558 | D:2      | 2558 ||| DROPPING potion of flight.
  2580 | D:3      | 2580 ||| STAIRDANCE
  2599 | D:2      | Reached skill level 4 in Unarmed Combat
  2621 | D:3      | 2621 ||| STAIRDANCE
  2663 | D:3      | Found a faded altar of an unknown god.
  2729 | D:3      | Reached XP level 5. HP: 28/42 MP: 6/6
  2729 | D:3      | 2729 ||| FLEEEEING.
  2731 | D:3      | 2731 ||| FLEEEEING.
  2732 | D:3      | 2732 ||| FLEEEEING.
  2733 | D:3      | 2733 ||| FLEEEEING.
  2734 | D:3      | 2734 ||| FLEEEEING.
  2735 | D:3      | 2735 ||| FLEEEEING.
  2736 | D:3      | 2736 ||| FLEEEEING.
  2737 | D:3      | 2737 ||| FLEEEEING.
  2738 | D:3      | 2738 ||| FLEEEEING.
  2739 | D:3      | 2739 ||| FLEEEEING.
  2740 | D:3      | 2740 ||| STAIRDANCE
  2884 | D:2      | 2884 ||| READING scroll labelled BAHOMN JIBIR.
  2885 | D:2      | 2885 ||| READING 2 scrolls of identify.
  2885 | D:2      | 2885 ||| IDENTIFYING viscous pink potion
  2886 | D:2      | 2886 ||| DROPPING potion of ambrosia.
  2889 | D:3      | 2889 ||| STAIRDANCE
  2982 | D:3      | Found a basalt altar of Yredelemnul.
  3042 | D:3      | 3042 ||| Stepping ~*~*~tactically~*~*~ (hiding).
  3144 | D:3      | 3144 ||| Stepping ~*~*~tactically~*~*~ (hiding).
  3228 | D:3      | Noticed a phantom
  3259 | D:3      | Killed a phantom
  3260 | D:3      | Reached skill level 5 in Unarmed Combat
  3260 | D:3      | Reached XP level 6. HP: 15/50 MP: 7/7
  3567 | D:3      | Found Xiuteu's Antique Armour Boutique.
  3581 | D:3      | 3581 ||| BUYING cloak (90 gold).
  3581 | D:3      | Bought a cloak for 90 gold pieces
  3650 | D:3      | 3650 ||| Stepping ~*~*~tactically~*~*~ (hiding).
  3668 | D:3      | 3668 ||| Stepping ~*~*~tactically~*~*~ (stealth).
  3670 | D:3      | 3670 ||| Stepping ~*~*~tactically~*~*~ (hiding).
  3683 | D:3      | 3683 ||| Stepping ~*~*~tactically~*~*~ (hiding).
  3688 | D:3      | Reached skill level 6 in Unarmed Combat
  3695 | D:3      | 3695 ||| FLEEEEING.
  3700 | D:3      | 3700 ||| FLEEEEING.
  3701 | D:3      | 3701 ||| FLEEEEING.
  3702 | D:3      | 3702 ||| FLEEEEING.
  3703 | D:3      | 3703 ||| FLEEEEING.
  3704 | D:3      | 3704 ||| FLEEEEING.
  3705 | D:3      | 3705 ||| FLEEEEING.
  3706 | D:3      | 3706 ||| FLEEEEING.
  3707 | D:3      | 3707 ||| FLEEEEING.
  3708 | D:3      | 3708 ||| FLEEEEING.
  3709 | D:3      | 3709 ||| FLEEEEING.
  3710 | D:3      | 3710 ||| FLEEEEING.
  3711 | D:3      | 3711 ||| FLEEEEING.
  3719 | D:3      | 3719 ||| FLEEEEING.
  3720 | D:3      | 3720 ||| FLEEEEING.
  3721 | D:3      | 3721 ||| FLEEEEING.
  3722 | D:3      | 3722 ||| FLEEEEING.
  3723 | D:3      | 3723 ||| STAIRDANCE
  3765 | D:2      | 3765 ||| UPGRADING to +0 chain mail.
  3775 | D:2      | 3775 ||| DROPPING +0 ring mail.
  3776 | D:2      | 3776 ||| UPGRADING to +3 scale mail of willpower.
  3786 | D:2      | 3786 ||| UPGRADING to +0 cloak.
  3791 | D:2      | 3791 ||| READING scroll labelled BETIFO GEROCRE.
  3792 | D:2      | 3792 ||| DRINKING 2 fizzy sapphire potions.
  3793 | D:2      | 3793 ||| READING 2 scrolls of identify.
  3793 | D:2      | 3793 ||| IDENTIFYING fuming clear potion
  3794 | D:2      | 3794 ||| DROPPING potion of brilliance.
  3795 | D:2      | 3795 ||| DROPPING potion of degeneration.
  3942 | D:3      | 3942 ||| Stepping ~*~*~tactically~*~*~ (stealth).
  3984 | D:3      | 3984 ||| UPGRADING to +0 buckler.
  3989 | D:3      | 3989 ||| DRINKING 2 blue potions.
  3990 | D:3      | 3990 ||| DRINKING 2 inky potions.
  4091 | D:4      | Reached skill level 1 in Shields
  4195 | D:4      | 4195 ||| Stepping ~*~*~tactically~*~*~ (stealth).
  4335 | D:4      | Found an opulent altar of Gozag.
  4423 | D:4      | Reached skill level 1 in Armour
  4423 | D:4      | Reached XP level 7. HP: 55/56 MP: 8/8
  4633 | D:4      | Reached skill level 3 in Fighting
  5029 | D:4      | Found a shadowy altar of Dithmenos.
  5029 | D:4      | Found a faded altar of an unknown god.
  5038 | D:4      | Found a hide-covered altar of Uskayaw.
  5042 | D:4      | Found a faded altar of an unknown god.
  5355 | D:4      | 5355 ||| DRINKING 2 murky cyan potions.
  5372 | D:5      | Entered Level 5 of the Dungeon
  5376 | D:5      | 5376 ||| STAIRDANCE
  5458 | D:5      | Reached skill level 7 in Unarmed Combat
  5466 | D:5      | HP: 11/57 [black bear (4)]
  5467 | D:5      | 5467 ||| READING scroll of teleportation.
  5468 | D:5      | 5468 ||| DRINKING potion of heal wounds.
  5541 | D:5      | 5541 ||| Stepping ~*~*~tactically~*~*~ (stealth).
  5542 | D:5      | 5542 ||| Stepping ~*~*~tactically~*~*~ (stealth).
  5551 | D:5      | 5551 ||| Stepping ~*~*~tactically~*~*~ (stealth).
  5552 | D:5      | 5552 ||| Stepping ~*~*~tactically~*~*~ (stealth).
  5643 | D:5      | 5643 ||| Stepping ~*~*~tactically~*~*~ (stealth).
  5700 | D:5      | Found a staircase to the Ecumenical Temple.
  5701 | D:5      | 5701 ||| PLANNING TEMPLE
  5719 | D:5      | Reached skill level 8 in Unarmed Combat
  5719 | D:5      | Reached XP level 8. HP: 63/63 MP: 9/9
  5720 | Temple   | Entered the Ecumenical Temple
  5770 | Temple   | Became a worshipper of Warmaster Okawaru
  5917 | Temple   | 5917 ||| PLANNING D:1-11
  6071 | D:5      | 6071 ||| READING scroll of enchant armour.
  6071 | D:5      | 6071 ||| ENCHANTING +0 cloak.
  6138 | D:5      | 6138 ||| Stepping ~*~*~tactically~*~*~ (outnumbered).
  6139 | D:5      | 6139 ||| Stepping ~*~*~tactically~*~*~ (outnumbered).
  6140 | D:5      | 6140 ||| Stepping ~*~*~tactically~*~*~ (hiding).
  6149 | D:5      | 6149 ||| Stepping ~*~*~tactically~*~*~ (outnumbered).
  6562 | D:5      | Found a runed translucent door.
  6565 | D:5      | Noticed Crazy Yiuf
  6624 | D:5      | Noticed Pikel
  6627 | D:5      | 6627 ||| Stepping ~*~*~tactically~*~*~ (outnumbered).
  6628 | D:5      | 6628 ||| Stepping ~*~*~tactically~*~*~ (outnumbered).
  6629 | D:5      | 6629 ||| Stepping ~*~*~tactically~*~*~ (outnumbered).
  6630 | D:5      | 6630 ||| Stepping ~*~*~tactically~*~*~ (outnumbered).
  6631 | D:5      | 6631 ||| Stepping ~*~*~tactically~*~*~ (outnumbered).
  6635 | D:5      | 6635 ||| Stepping ~*~*~tactically~*~*~ (outnumbered).
  6636 | D:5      | 6636 ||| Stepping ~*~*~tactically~*~*~ (outnumbered).
  6637 | D:5      | 6637 ||| Stepping ~*~*~tactically~*~*~ (outnumbered).
  6638 | D:5      | 6638 ||| Stepping ~*~*~tactically~*~*~ (outnumbered).
  6639 | D:5      | 6639 ||| Stepping ~*~*~tactically~*~*~ (outnumbered).
  6640 | D:5      | 6640 ||| Stepping ~*~*~tactically~*~*~ (outnumbered).
  6641 | D:5      | 6641 ||| Stepping ~*~*~tactically~*~*~ (outnumbered).
  6642 | D:5      | 6642 ||| Stepping ~*~*~tactically~*~*~ (outnumbered).
  6643 | D:5      | 6643 ||| Stepping ~*~*~tactically~*~*~ (hiding).
  6660 | D:5      | HP: 13/66 [Pikel/puff of flame (4)]
  6661 | D:5      | 6661 ||| READING scroll of teleportation.
  6669 | D:5      | 6669 ||| FLEEEEING.
  6674 | D:5      | 6674 ||| STAIRDANCE
  6919 | D:4      | 6919 ||| UPGRADING to amulet of regeneration.
  6933 | D:5      | 6933 ||| STAIRDANCE
  6977 | D:5      | 6977 ||| STAIRDANCE
  6983 | D:5      | 6983 ||| STAIRDANCE
  7011 | D:5      | Killed Pikel
  7011 | D:5      | Reached * piety under Okawaru
  7012 | D:5      | Reached skill level 10 in Unarmed Combat
  7012 | D:5      | 7012 ||| STAIRDANCE
  7160 | D:5      | Reached skill level 1 in Invocations
  7192 | D:6      | 7192 ||| INVOKING Heroism.
  7203 | D:6      | Reached XP level 9. HP: 70/72 MP: 8/10
  7351 | D:6      | Found a sacrificial altar of Ru.
  7380 | D:6      | 7380 ||| Stepping ~*~*~tactically~*~*~ (hiding).
  7381 | D:6      | 7381 ||| Stepping ~*~*~tactically~*~*~ (hiding).
  7382 | D:6      | 7382 ||| Stepping ~*~*~tactically~*~*~ (hiding).
  7383 | D:6      | 7383 ||| INVOKING Heroism.
  7386 | D:6      | Noticed Blork the orc
  7399 | D:6      | 7399 ||| INVOKING Heroism.
  7400 | D:6      | 7400 ||| INVOKING Heroism.
  7402 | D:6      | Killed Blork the orc
  7447 | D:6      | 7447 ||| INVOKING Heroism.
  7449 | D:6      | 7449 ||| Stepping ~*~*~tactically~*~*~ (outnumbered).
  7450 | D:6      | 7450 ||| Stepping ~*~*~tactically~*~*~ (outnumbered).
  7451 | D:6      | 7451 ||| Stepping ~*~*~tactically~*~*~ (outnumbered).
  7452 | D:6      | 7452 ||| Stepping ~*~*~tactically~*~*~ (outnumbered).
  7453 | D:6      | 7453 ||| Stepping ~*~*~tactically~*~*~ (outnumbered).
  7454 | D:6      | 7454 ||| Stepping ~*~*~tactically~*~*~ (outnumbered).
  7460 | D:6      | 7460 ||| Stepping ~*~*~tactically~*~*~ (outnumbered).
  7461 | D:6      | 7461 ||| Stepping ~*~*~tactically~*~*~ (outnumbered).
  7507 | D:6      | 7507 ||| Stepping ~*~*~tactically~*~*~ (hiding).
  7511 | D:6      | 7511 ||| INVOKING Heroism.
  7532 | D:6      | Noticed Grinder
  7533 | D:6      | 7533 ||| Stepping ~*~*~tactically~*~*~ (hiding).
  7534 | D:6      | 7534 ||| INVOKING Heroism.
  7540 | D:6      | Reached skill level 1 in Throwing
  7540 | D:6      | Reached skill level 3 in Invocations
  7549 | D:6      | Killed Grinder
  7916 | D:6      | Reached skill level 6 in Fighting
  8245 | D:6      | 8245 ||| INVOKING Heroism.
  8508 | D:6      | 8508 ||| DROPPING +0 chain mail.
  8509 | D:6      | 8509 ||| UPGRADING to +0 plate armour.
  8519 | D:6      | 8519 ||| DROPPING +3 scale mail of willpower.
  8520 | D:6      | 8520 ||| UPGRADING to +6 ring of dexterity.
  8521 | D:6      | 8521 ||| READING scroll labelled PAULAMPESCH.
  8522 | D:6      | 8522 ||| READING scroll labelled FIUL XOODDETOE.
  8623 | D:6      | 8623 ||| DRINKING 2 red potions.
  8624 | D:6      | 8624 ||| DRINKING 2 fuming inky potions.
  8625 | D:6      | 8625 ||| DROPPING potion of berserk rage.
  8662 | D:7      | 8662 ||| Stepping ~*~*~tactically~*~*~ (hiding).
  8917 | D:7      | 8917 ||| INVOKING Heroism.
  8919 | D:7      | 8919 ||| Stepping ~*~*~tactically~*~*~ (outnumbered).
  9025 | D:7      | 9025 ||| INVOKING Heroism.
  9031 | D:7      | Reached skill level 3 in Armour
  9119 | D:7      | 9119 ||| Stepping ~*~*~tactically~*~*~ (stealth).
  9121 | D:7      | 9121 ||| Stepping ~*~*~tactically~*~*~ (hiding).
  9148 | D:7      | Noticed Menkaure
  9149 | D:7      | 9149 ||| Stepping ~*~*~tactically~*~*~ (hiding).
  9154 | D:7      | Reached ** piety under Okawaru
  9155 | D:7      | 9155 ||| INVOKING Heroism.
  9159 | D:7      | Killed Menkaure
  9160 | D:7      | Reached skill level 11 in Unarmed Combat
  9201 | D:7      | 9201 ||| Stepping ~*~*~tactically~*~*~ (stealth).
  9203 | D:7      | 9203 ||| INVOKING Heroism.
  9204 | D:7      | 9204 ||| Stepping ~*~*~tactically~*~*~ (cloud).
  9205 | D:7      | 9205 ||| Stepping ~*~*~tactically~*~*~ (cloud).
  9210 | D:7      | 9210 ||| Stepping randomly (cloudy).
  9211 | D:7      | 9211 ||| Stepping randomly (cloudy).
  9592 | D:7      | 9592 ||| INVOKING Heroism.
  9598 | D:7      | Reached XP level 10. HP: 62/83 MP: 9/12
  9957 | D:8      | 9957 ||| Stepping ~*~*~tactically~*~*~ (hiding).
  9968 | D:8      | 9968 ||| Stepping ~*~*~tactically~*~*~ (stealth).
  9976 | D:8      | 9976 ||| Stepping ~*~*~tactically~*~*~ (outnumbered).
 10079 | D:8      | Found a runed translucent door.
 10080 | D:8      | Found a shimmering altar of Xom.
 10080 | D:8      | Noticed qw's ghost (novice TeWr)
 10080 | D:8      | Noticed a +2 hand axe of chaos
 10097 | D:8      | 10097 ||| Stepping ~*~*~tactically~*~*~ (hiding).
 10102 | D:8      | 10102 ||| INVOKING Heroism.
 10522 | D:8      | Noticed Grum
 10523 | D:8      | 10523 ||| INVOKING Heroism.
 10544 | D:8      | Killed Grum
 10545 | D:8      | Reached skill level 12 in Unarmed Combat
 10589 | D:8      | 10589 ||| INVOKING Heroism.
 10591 | D:8      | 10591 ||| Stepping ~*~*~tactically~*~*~ (outnumbered).
 10600 | D:8      | Reached skill level 3 in Shields
 10667 | D:8      | Found a burning altar of Makhleb.
 10701 | D:8      | Noticed Maggie
 10715 | D:8      | Killed Maggie
 10715 | D:8      | Reached *** piety under Okawaru
 10902 | D:8      | 10902 ||| READING scroll labelled BECHA ADGHI.
 10903 | D:8      | 10903 ||| DRINKING 3 emerald potions.
 10904 | D:8      | 10904 ||| READING 4 scrolls of identify.
 10904 | D:8      | 10904 ||| IDENTIFYING dark potion
 10905 | D:8      | 10905 ||| DROPPING potion of attraction.
 10953 | D:9      | 10953 ||| STAIRDANCE
 10976 | D:9      | 10976 ||| Stepping ~*~*~tactically~*~*~ (hiding).
 11004 | D:9      | 11004 ||| INVOKING Heroism.
 11006 | D:9      | 11006 ||| Stepping ~*~*~tactically~*~*~ (outnumbered).
 11034 | D:9      | 11034 ||| Stepping ~*~*~tactically~*~*~ (outnumbered).
 11036 | D:9      | 11036 ||| Stepping ~*~*~tactically~*~*~ (outnumbered).
 11043 | D:9      | 11043 ||| INVOKING Heroism.
 11049 | D:9      | HP: 19/86 [gnoll sergeant/+0 spear (5)]
 11136 | D:9      | Noticed a death yak
 11136 | D:9      | Noticed a deep elf pyromancer
 11137 | D:9      | 11137 ||| Stepping ~*~*~tactically~*~*~ (stealth).
 11138 | D:9      | 11138 ||| INVOKING Heroism.
 11139 | D:9      | Noticed a death yak
 11140 | D:9      | Noticed a death yak
 11149 | D:9      | 11149 ||| Stepping ~*~*~tactically~*~*~ (outnumbered).
 11150 | D:9      | 11150 ||| Stepping ~*~*~tactically~*~*~ (outnumbered).
 11153 | D:9      | 11153 ||| Stepping ~*~*~tactically~*~*~ (outnumbered).
 11153 | D:9      | HP: 20/86 [death yak (7)]
 11154 | D:9      | 11154 ||| READING scroll of teleportation.
 11154 | D:9      | HP: 7/86 [death yak (4)]
 11155 | D:9      | 11155 ||| INVOKING Heroism.
 11155 | D:9      | HP: 1/86 [death yak (6)]
 11155 | D:9      | Noticed a death yak
 11155 | D:9      | Demolished by a death yak

Levels and vault maps discovered:
D:1:      grunt_arrival_crossed_arrows, layout_loops_ring, st_stairs_1,
          nrook_campfire
D:2:      minmay_evil_eye, layout_loops_ring,
          nicolae_concentric_dashed_squares_mild, minmay_pentomino_p2
D:3:      layout_rooms, marbit_many_paths, serial_shops,
          nicolae_shop_hallway_stairs, hellmonk_ecumenical_altar_lost_god,
          minmay_crystal_water, kennysheep_generic_room_5
D:4:      layout_layer_cave, grunt_temple_overflow_gold_and_silver,
          chequers_temple_overflow_minitemple
D:5:      layout_cave_pools, minmay_temple_entry_drinking_statues,
          kennysheep_path_1, nicolae_concentric_dashed_squares_wild,
          nicolae_elevator_lobby_asterisk, uniq_pikel, uniq_crazy_yiuf_cottage
D:6:      layout_layer_cave, nicolae_ru_sacrificial_ziggurat,
          nicolae_tso_carved_into_rock, uniq_blork_the_orc, uniq_grinder
D:7:      layout_basic, serial_curves, eino_curves_04, eino_curves_01,
          uniq_menkaure
D:8:      layout_loops_corners, mainiacjoe_overflow_six_doors_small,
          ebering_ghost_xom, uniq_maggie, uniq_grum
D:9:      layout_big_octagon, mainiacjoe_overflow_swirl, dpeg_lair_monsters,
          serial_gnoll_camp, gnoll_camp_medium_02, gnoll_camp_medium_01,
          gnoll_camp_huts_basic, gnoll_camp_mini_basic, gnoll_camp_mini_house,
          gnoll_camp_mini_loothouse
Temple:   compressed_dpeg_triangle_lava_temple

Skill      XL: |  1  2  3  4  5  6  7  8  9 10 |
---------------+-------------------------------+-----
Unarmed Combat | 1 2 3 4 5 6 8 10 11 12 | 12.4
Fighting       | 1 2 3 4 6 7 |  7.0
Shields        | 1 2 3 |  3.0
Armour         | 1 4 |  4.2
Invocations    | 2 4 |  4.0
Throwing       | 1 |  1.2
Dodging        | 2 |  2.0
Stealth        | |  2.1
Spellcasting   | |  1.7
Conjurations   | |  0.7
Fire Magic     | |  2.4

Action                   |  1- 3 |  4- 6 |  7- 9 | 10-12 || total
-------------------------+-------+-------+-------+-------++-------
Melee: Unarmed           |   136 |   160 |   387 |   186 ||   869
       Punch             |     5 |     2 |       |       ||     7
Throw: Boomerang         |       |    11 |    74 |       ||    85
Invok: Heroism           |       |       |    12 |     7 ||    19
  Use: Scroll            |     2 |     8 |     5 |     3 ||    18
       Potion            |       |     4 |     4 |     1 ||     9
 Stab: Sleeping          |     2 |       |       |       ||     2
Armor: Robe              |    23 |       |       |       ||    23
       Leather armour    |     9 |     5 |       |       ||    14
       Ring mail         |       |    39 |       |       ||    39
       Scale mail        |       |    11 |   169 |       ||   180
       Plate armour      |       |       |    37 |    83 ||   120
Dodge: Dodged            |    70 |    81 |   134 |    72 ||   357
Block: Buckler           |       |     3 |    58 |    47 ||   108

Table legend:
 A = Non-vault XP
 B = Vault XP
 C = Vault XP percentage of total XP
 D = Non-vault monster count
 E = Vault monster count
 F = Vault count percentage of total count
                 A         B        C        D         E       F
            +---------+---------+-------+---------+---------+-------
      Total |    4483 |    2562 |  36.4 |     155 |      36 |  18.8
            +---------+---------+-------+---------+---------+-------
        D:1 |      30 |       4 |  11.8 |      17 |       3 |  15.0
        D:2 |      48 |      35 |  42.2 |      17 |       7 |  29.2
        D:3 |     308 |       1 |   0.3 |      20 |       1 |   4.8
        D:4 |     476 |       0 |   0.0 |      13 |       0 |   0.0
        D:5 |     709 |     617 |  46.5 |      19 |       1 |   5.0
        D:6 |    1067 |     367 |  25.6 |      21 |       2 |   8.7
        D:7 |    1076 |     172 |  13.8 |      23 |       1 |   4.2
        D:8 |     541 |     921 |  63.0 |      23 |       7 |  23.3
        D:9 |     228 |     445 |  66.1 |       2 |      14 |  87.5
            +---------+---------+-------+---------+---------+-------
